 Dungeon Crawl Stone Soup version 0.30-a0-778-g2ef04afb54 (webtiles) character file.

Game seed: 3960830454432960082

60 funkygono the Firebug (level 4, -2/24 HPs)
             Began as a Gargoyle Fire Elementalist on Feb 16, 2023.
             Killed from afar by Natasha (8 damage)
             ... with a magic dart
             ... on level 1 of the Dungeon.
             The game lasted 00:02:25 (1630 turns).

funkygono the Firebug (Gargoyle Fire Elementalist)  Turns: 1630, Time: 00:02:25

Health: -2/24      AC:  5    Str: 11    XL:     4   Next: 4%
Magic:  0/7        EV: 12    Int: 18    God:
Gold:   13         SH:  5    Dex: 10    Spells: 4/7 levels left

rFire   . . .      SeeInvis .    h - +0 whip
rCold   + . .      Faith    .    (no shield)
rNeg    + . .      Spirit   .    a - +0 robe
rPois   ∞          Reflect  +    (no helmet)
rElec   +          Harm     .    (no cloak)
rCorr   .          Rampage  .    (no gloves)
Will    .....                    (no boots)
Stlth   ++                       g - amulet of reflection
HPRegen 0.24/turn                c - ring of protection from cold
MPRegen 0.10/turn                (no ring)

@: slowed, very slow
A: sickness immunity, AC +3, negative energy resistance 1, electricity
resistance, torment resistance 1, petrification resistance
a: no special abilities


You were on level 1 of the Dungeon.
You visited 1 branch of the dungeon, and saw 2 of its levels.

You collected 13 gold pieces.

Inventory:

Hand Weapons
 h - a +0 whip (weapon)
Armour
 a - a +0 robe (worn)
Jewellery
 c - a ring of protection from cold (left hand)
 g - an amulet of reflection (around neck)
Scrolls
 d - a scroll of summoning {unknown}
 f - a scroll of teleportation {unknown}
Potions
 b - a potion of magic


   Skills:
 + Level 0.1 Maces & Flails
 + Level 2.0 Dodging
 - Level 2.1 Stealth
 + Level 2.4 Spellcasting
 + Level 1.8 Conjurations
 + Level 3.9 Fire Magic


You had 4 spell levels left.
You knew the following spells:

 Your Spells              Type           Power      Damage    Failure   Level
a - Foxfire               Conj/Fire      48%        2x1d6     5%          1
b - Scorch                Fire           32%        2d7       5%          2

Your spell library contained the following spells:

 Spells                   Type           Power      Damage    Failure   Level
 Inner Flame              Hex/Fire       9%         N/A       22%         3
 Kindle Blastsparks       Fire/Tloc/Air  12%        2d11      30%         3
 Flame Wave               Conj/Fire      12%        2d6       45%         4


Dungeon Overview and Level Annotations

Branches:
Dungeon (2/15)

Altars:

Annotations:
D:1 Natasha


Innate Abilities, Weirdness & Mutations

You are immune to sickness and miasma.
Your stone body is resilient. (AC +3)
You are immune to poison.
You resist negative energy. (rN+)
You are resistant to electric shocks. (rElec)
You are resistant to unholy torment.
You are immune to petrification.


Message History

You don't have enough magic to cast this spell.
Casting: Foxfire (safe; 5% risk of failure)
Confirm with . or Enter, or press ? or * to list all spells.
You don't have enough magic to cast this spell.
You barely miss Natasha.
The foxfire hits the iron imp but does no damage.
The foxfire hits the iron imp.
The iron imp completely resists.
The iron imp barely misses you. Natasha completely misses you.
You closely miss Natasha. The iron imp misses you. Natasha closely misses you.
Unknown command.
You closely miss Natasha. Natasha claws you. The iron imp closely misses you.
You hit Natasha.
Natasha is moderately wounded.
Natasha barely misses you. The iron imp misses you.
You barely miss Natasha.
Natasha is moderately wounded.
Natasha claws you. You block the iron imp's attack.
Casting: Foxfire (safe; 5% risk of failure)
Confirm with . or Enter, or press ? or * to list all spells.
You conjure some foxfire!
Natasha claws you!
You hit Natasha.
Natasha is heavily wounded.
The foxfire hits the iron imp.
The iron imp completely resists.
The foxfire hits the iron imp but does no damage.
The iron imp hits you but does no damage.
Natasha casts a spell at you.
You feel yourself slow down.
You hit Natasha but do no damage.
Natasha is heavily wounded.
Natasha barely misses you.
The iron imp hits you but does no damage.
You block Natasha's attack. The iron imp hits you.
* * * LOW HITPOINT WARNING * * *
Unknown command.
You hit Natasha.
Natasha is severely wounded.
Natasha barely misses you. The iron imp barely misses you.
Natasha stares at you and mumbles some strange words.
The magic dart hits you!
You die...

#.# #.### #.########### #.# #...#
#.# #.# ###.## #.# #.# ##...##
#.# #.###.....#### #.#
#............## #.# ####
#.###.....#...# #.# #... ####.#
##...##...####.# #.##
.....#####.#....@..##.########.#
.###.###.###.##h5..##.>........#
..............#....#############
##.###.###.##.....##
#...........#.#...# ######
..##.###.##...#.#.### #.....
#.#.......#.#.#..#..# #.####
#...##.##...#..##.#.########.####
#.#.#..(#.#.#.###.#..............


You could see an iron imp (summoned) and Natasha.

Vanquished Creatures
  Natasha (D:1)
  A dart slug (D:1)
  5 ball pythons
  2 bats (D:1)
  3 endoplasms (D:1)
  2 giant cockroaches (D:1)
  4 goblins (D:1)
  6 hobgoblins
  2 quokkas
  2 kobolds
28 creatures vanquished.

Vanquished Creatures (others)
  11 demonic plants (D:1)
  97 foxfires
108 creatures vanquished.

Grand Total: 136 creatures vanquished

Notes
Turn   | Place    | Note
-------+----------+-------------------------------------------
     0 | D:1      | funkygono the Gargoyle Fire Elementalist began the quest
                  | for the Orb.
     0 | D:1      | Reached XP level 1. HP: 10/10 MP: 3/3
   231 | D:1      | Reached XP level 2. HP: 15/15 MP: 3/5
   234 | D:1      | Learned a level 2 spell: Scorch
   853 | D:1      | Reached XP level 3. HP: 19/19 MP: 3/6
  1259 | D:2      | Noticed Natasha
  1335 | D:1      | Killed Natasha
  1336 | D:1      | Reached XP level 4. HP: 14/24 MP: 1/7
  1399 | D:2      | Found a faded altar of an unknown god.
  1614 | D:1      | Noticed Natasha
  1630 | D:1      | Killed from afar by Natasha

Illustrated notes

Levels and vault maps discovered:
D:1:      evilmike_arrival_fibonacci_small, layout_loops_ring,
          nicolae_concentric_dashed_squares_wild, hangedman_decor_riveting,
          dreamdust_princess_corridor, hangedman_decor_lopped
D:2:      layout_rooms, nicolae_ecumenical_oubliette, uniq_natasha

Skill      XL: |  1  2  3 |
---------------+----------+-----
Dodging        | 2 |  2.0
Maces & Flails | |  0.1
Stealth        | |  2.1
Spellcasting   | |  2.4
Conjurations   | |  1.8
Fire Magic     | |  3.9

Action                     |  1- 3 |  4- 6 || total
---------------------------+-------+-------++-------
  Melee: Club              |     7 |       ||     7
         Whip              |       |    20 ||    20
   Cast: Foxfire           |    49 |     8 ||    57
         Scorch            |     3 |       ||     3
 Armour: Robe              |     1 |     2 ||     3
  Dodge: Dodged            |    16 |    11 ||    27
  Block: Other             |     4 |     2 ||     6

Table legend: (Time is in decaauts)
 A = Elapsed time spent in this place.
 B = Non-inter-level travel time spent in this place.
 C = Inter-level travel time spent in this place.
 D = Time resting spent in this place.
 E = Time spent auto-exploring this place.
 F = Levels seen in this place.
 G = Mean time per level.
                   A        B        C        D        E       F      G
               +--------+--------+--------+--------+--------+-----+--------+
         Total |   1645 |   1607 |     38 |      0 |   1180 |   2 |  822.5 |
       Dungeon |   1645 |   1607 |     38 |      0 |   1180 |   2 |  822.5 |
               +--------+--------+--------+--------+--------+-----+--------+

Top non-repeatable levels by time:
     D:1: 1612 daAuts
     D:2: 32 daAuts
